 Dungeon Sprint DCSS version bcrawl-1.19.2-6-g6a88ae04c9 (webtiles) character file.

Game seed: 14080192808518689132

1799 pasperui the Carver (level 9, -4/100 HPs)
             Began as a Naga Sloth Apostle on Jan 6, 2020.
             Was an Elder of Cheibriados.
             Slain by a deep troll (18 damage)
             ... in the Dungeon (Sprint I: "Red Sonja").
             The game lasted 00:05:18 (874 turns).

pasperui the Carver (Naga Sloth Apostle)             Turns: 874, Time: 00:05:18

Health: -4/100     AC:  4    Str: 27    XL:     9   Next: 9%
Magic:  7/11       EV:  9    Int: 21    God:    Cheibriados [****..]
Gold:   442        SH:  5    Dex: 20    Spells: 10/11 levels left

rFire    . . .     SeeInvis +   a - +0 falchion
rCold    . . .     Gourm    .   (no shield)
rNeg     . . .     Faith    .   b - +0 robe
rPois    +         Spirit   .   (no helmet)
rElec    .         Reflect  .   (no cloak)
rCorr    .         Harm     .   (no gloves)
MR       +....     NoTele   +   (no barding)
Stlth    +++++.....             (no amulet)
HPRegen  0.26/turn              (no ring)
MPRegen  0.12/turn              (no ring)

@: short of breath, very slow
A: large, see invisible, deformed body, poison resistance, slowness 2, slow
metabolism 1, spit poison 1, AC +3
a: Spit Poison, Bend Time, Temporal Distortion, Slouch, Renounce Religion


You were in the Dungeon.
You worshipped Cheibriados.
Cheibriados was greatly pleased with you.
You were not hungry.

You visited 1 branch You collected 532 gold pieces.
You spent 90 gold pieces at shops.

Inventory:

Hand Weapons
 a - a +0 falchion (weapon)
 p - a +0 dagger of venom
Missiles
 o - 249 sling bullets
Armour
 b - a +0 robe (worn)
 c - a +0 shield
Wands
 d - a wand of paralysis (10)
 m - a wand of polymorph (10)
Scrolls
 k - 2 scrolls of blinking
Potions
 e - a potion of curing
 h - a potion of haste
 i - 2 potions of magic
 j - a potion of berserk rage
 n - a potion of flight {unknown}
Comestibles
 f - a ration {!d}


   Skills:
 - Level 12.6 Fighting
 - Level 12.9 Long Blades
 - Level 11.1 Stealth
 - Level 3.2 Shields
 - Level 1.2 Unarmed Combat
 - Level 1.6 Spellcasting
 - Level 1.4 Hexes
 - Level 1.5 Evocations


You had 10 spell levels left.
You knew the following spells:

 Your Spells              Type           Power        Failure   Level  Hunger
a - Slow                  Hex            #.......     9%          1    #......
Your spell library was empty.

Dungeon Overview and Level Annotations

Branches:
Dungeon (1/1)

Altars:
Cheibriados
Dithmenos
Elyvilon
Fedhas
Gozag
Hepliaklqana
Kikubaaqudgha
Lugonu
Makhleb
Nemelex Xobeh
Okawaru
Qazlal
Ru
Sif Muna
Trog
Uskayaw
Vehumet
Wu Jian
Xom
Yredelemnul
Zin
The Shining One
Jiyva

Shops:
D *(


Innate Abilities, Weirdness & Mutations

You cannot wear boots.
Your serpentine skin is tough. (AC +3)
You have supernaturally acute eyesight. (SInv)
Armour fits poorly on your strangely shaped body.
Your system is resistant to poisons. (rPois)
You cover ground very slowly.
You have a slow metabolism.
You can spit poison.


Message History

The deep troll claws you.
* * * LOW HITPOINT WARNING * * *
Unknown command.
You warp the flow of time around you!
You feel quite a bit more hungry.
Cheibriados lowers the support of your attributes as your movement quickens.
Okay, then.
Press: ? - help, Shift-Dir - straight line, f/p - deep troll
Aim: a deep troll (moderately wounded, hasn't noticed you)
The splash of poison hits the deep troll.
The deep troll is poisoned.
The deep troll is heavily wounded.
You feel slightly more hungry.
Unknown command.
You hit the deep troll.
The deep troll is heavily wounded.
Unknown command.
You closely miss the deep troll.
The deep troll is heavily wounded.
The deep troll bites you!!
You die...

#.)#####'#####'#__####[..+
#..####..#...#[#### #####
#..#__####..##.#
#..#_____##'#_.+
#⌠⌠#_.∩...'..._#
####_..__##_.#'#
#_____###'#[#
############.####+###
#∩^.......'..@T$$.$$+
###++++####.).#######
##.## #+#


You could see a deep troll.

Vanquished Creatures
  Sonja (D)
  2 kobold demonologists (D)
  A slime creature (D)
  Sigmund (D)
  A yak (D)
  A floating eye (D)
  An ogre (D)
  A jelly (D)
  Ijyb (D)
10 creatures vanquished.

Notes
Turn   | Place    | Note
-------+----------+-------------------------------------------
     0 | D        | pasperui the Naga Sloth Apostle began the quest for the
                  | Orb.
     0 | D        | Reached XP level 1. HP: 19/19 MP: 2/2
     1 | D        | Noticed Ijyb
    19 | D        | Killed Ijyb
    19 | D        | Reached XP level 2. HP: 24/27 MP: 3/3
    19 | D        | Reached XP level 3. HP: 29/33 MP: 4/4
    24 | D        | Noticed an ogre
    29 | D        | Killed an ogre
    29 | D        | Reached * piety under Cheibriados
    29 | D        | Reached skill level 1 in Unarmed Combat
    29 | D        | Reached XP level 4. HP: 13/44 MP: 4/6
   245 | D        | Noticed Sigmund
   256 | D        | Killed Sigmund
   256 | D        | Reached XP level 5. HP: 26/50 MP: 7/7
   256 | D        | Reached XP level 6. HP: 30/57 MP: 8/8
   374 | D        | Found a shimmering blue altar of Sif Muna.
   375 | D        | Found an ornate altar of the Wu Jian Council.
   376 | D        | Found a radiant altar of Vehumet.
   383 | D        | Reached ** piety under Cheibriados
   421 | D        | Found Waellac's Weapon Emporium.
   421 | D        | Found an ancient bone altar of Kikubaaqudgha.
   421 | D        | Found a hazy altar of Hepliaklqana.
   421 | D        | Found a stormy altar of Qazlal.
   421 | D        | Found a hide-covered altar of Uskayaw.
   421 | D        | Found a blossoming altar of Fedhas.
   421 | D        | Found a bloodstained altar of Trog.
   421 | D        | Found an iron altar of Okawaru.
   421 | D        | Found a basalt altar of Yredelemnul.
   421 | D        | Found a glowing golden altar of the Shining One.
   421 | D        | Found a snail-covered altar of Cheibriados.
   421 | D        | Found a sacrificial altar of Ru.
   421 | D        | Found a glowing silver altar of Zin.
   421 | D        | Found a shadowy altar of Dithmenos.
   421 | D        | Found a white marble altar of Elyvilon.
   421 | D        | Noticed a yak
   435 | D        | Killed a yak
   435 | D        | Reached XP level 7. HP: 51/63 MP: 9/9
   436 | D        | Found an opulent altar of Gozag.
   439 | D        | Found a sparkling altar of Nemelex Xobeh.
   456 | D        | Found a burning altar of Makhleb.
   456 | D        | Found a viscous altar of Jiyva.
   456 | D        | Found a shimmering altar of Xom.
   456 | D        | Found a corrupted altar of Lugonu.
   456 | D        | Noticed a slime creature
   493 | D        | Killed a slime creature
   711 | D        | Noticed a kobold demonologist
   720 | D        | Killed a kobold demonologist
   720 | D        | Reached *** piety under Cheibriados
   720 | D        | Reached XP level 8. HP: 79/81 MP: 10/10
   726 | D        | Paralysed by a floating eye for 4 turns
   731 | D        | Noticed a kobold demonologist
   757 | D        | Killed a kobold demonologist
   757 | D        | Reached skill level 10 in Fighting
   818 | D        | Noticed Sonja
   822 | D        | Killed Sonja
   822 | D        | Reached **** piety under Cheibriados
   822 | D        | Reached XP level 9. HP: 100/100 MP: 11/11
   840 | D        | Found Upiwkec's General Store.
   848 | D        | Bought a scroll of blinking for 90 gold pieces
   862 | D        | Noticed a deep troll
   874 | D        | Slain by a deep troll

Skill      XL: |  1  2  3  4  5  6  7  8 |
---------------+-------------------------+-----
Stealth        | 8 11 | 11.1
Shields        | 2 3 |  3.2
Fighting       | 3 7 12 | 12.6
Long Blades    | 3 9 11 12 | 12.9
Unarmed Combat | 1 |  1.2
Spellcasting   | |  1.6
Hexes          | |  1.4
Evocations     | |  1.5

Action                   |  1- 3 |  4- 6 |  7- 9 || total
-------------------------+-------+-------+-------++-------
Melee: Unarmed           |     9 |       |       ||     9
       Falchion          |     1 |    27 |    60 ||    88
       Dagger            |       |       |     1 ||     1
Invok: Temporal Distorti |       |       |     1 ||     1
 Abil: Spit Poison       |     1 |     3 |     4 ||     8
  Use: Potion            |       |       |     1 ||     1
 Stab: Sleeping          |     1 |     1 |     2 ||     4
Armor: Skin              |     2 |       |       ||     2
       Robe              |       |     1 |    10 ||    11
Dodge: Dodged            |     2 |     2 |    13 ||    17
Block: Shield            |     1 |    15 |    21 ||    37
